Map: Lerilak Crest

Players

xKawaiian - Winner!

  • Race: Terran Terran
  • League: Master

Blinky

  • Race: Protoss Protoss
  • League: Master

VOD

Have the link to the VOD?

Description

Time

  • Played on: Jan. 13, 2016, 5:17 p.m.
  • Length: 13:51
Show
View Real Time Build Order
Export as new Build Order

xKawaiian Terran - Winner!

Build Orders: Reaper Expand, MMM Bio 

Get SALT Encoding   

  12  0:00  SCV  
  13  0:13  SCV  
  14  0:17  Supply Depot  
  14  0:25  SCV  
  15  0:39  SCV  
  15  0:40  Barracks  
  16  0:46  Refinery  
  16  0:51  SCV  
  17  1:03  SCV  
  18  1:15  SCV  
  19  1:27  Orbital Command  
  19  1:29  Reaper  
  20  1:39  Command Center  
  20  1:53  SCV  
  21  1:54  Supply Depot  
  21  2:02  Barracks Reactor  
  21  2:05  SCV  
  22  2:10  Barracks  
  22  2:17  SCV  
  22  2:21  Barracks  
  23  2:29  SCV  
  24  2:39  Marine x2  
  24  2:41  SCV  
  26  2:51  Orbital Command  
  26  2:53  SCV  
  26  2:58  Barracks Tech Lab, Marine x2  
  29  3:05  Refinery  
  29  3:06  Factory  
  29  3:09  SCV  
  29  3:11  Marine  
  31  3:16  Stimpack, Marine x2  
  31  3:18  SCV  
  34  3:21  Marine  
  35  3:29  Marine  
  35  3:34  SCV, Marine x2  
  37  3:35  SCV  
  37  3:39  Marine  
  41  3:45  Supply Depot  
  41  3:46  SCV, Marine  
  41  3:47  SCV  
  44  3:51  Starport  
  44  3:52  Factory Reactor  
  44  3:53  Marine  
  45  3:58  SCV  
  45  4:00  Supply Depot  
  46  4:06  SCV  
  47  4:11  SCV  
  47  4:15  Supply Depot  
  48  4:19  SCV  
  48  4:20  Barracks  
  48  4:21  Barracks  
  49  4:25  SCV  
  49  4:27  Refinery  
  49  4:30  Barracks Tech Lab, Marine  
  49  4:31  Marauder  
  53  4:34  Medivac  
  53  4:37  Medivac  
  57  4:39  SCV  
  57  4:40  SCV  
  59  4:45  Marine  
  59  4:51  SCV  
  59  4:52  Marauder  
  63  4:54  Marine  
  63  4:55  Marauder  
  63  4:58  SCV  
  67  5:02  Supply Depot  
  67  5:03  Marine  
  67  5:06  Supply Depot, Marine  
  69  5:09  Barracks Tech Lab  
  69  5:14  Marine  
  69  5:16  Combat Shields  
  70  5:23  SCV  
  70  5:24  SCV, Barracks Reactor, Marauder x2  
  70  5:25  Supply Depot  
  70  5:26  Marine  
  70  5:27  Marine  
  78  5:30  Medivac  
  78  5:36  SCV  
  78  5:37  Marine  
  78  5:40  SCV  
  81  5:45  Marauder  
  81  5:46  Marine  
  81  5:47  Marauder  
  81  5:48  SCV  
  81  5:49  Refinery  
  87  5:53  Medivac  
  87  5:55  SCV  
  87  5:58  Marauder  
  87  6:00  Widow Mine  
  87  6:01  Marine  
  92  6:10  Marauder  
  94  6:15  Supply Depot  
  94  6:21  Supply Depot  
  94  6:23  Supply Depot  
  94  6:34  Supply Depot  
  94  6:37  SCV, Medivac, Marine  
  101  6:42  Factory Reactor  
  101  6:45  Command Center  
  99  6:47  SCV  
  99  6:50  Marine  
  99  6:51  Marine x2  
  99  6:54  Marauder  
  103  6:58  SCV  
  103  6:59  SCV  
  105  7:02  Medivac  
  106  7:11  Engineering Bay x2  
  106  7:19  Marauder, Concussive Shells, Marine  
  106  7:22  Widow Mine x2  
  108  7:24  Marauder, Marine  
  115  7:30  SCV x2  
  115  7:34  Marine  
  115  7:35  Marauder  
  120  7:43  Terran Infantry Weapons Level 1, Terran Infantry Armor Level 1  
  120  7:45  SCV  
  120  7:47  Marine, Marauder  
  123  7:53  Marine  
  123  7:54  Marauder  
  123  7:57  SCV  
  127  7:59  Orbital Command  
  127  8:05  Marauder, Marine  
  130  8:08  Widow Mine x2  
  130  8:10  Marine  
  135  8:14  Armory  
  135  8:16  Marine x2  
  137  8:22  Marine  
  137  8:23  Marauder  
  140  8:28  Marine  
  140  8:34  Marauder x2, Supply Depot, Marine, Medivac  
  146  8:52  Marauder, Marine x2  
  146  8:55  Marine x2  
  149  8:56  Marauder, Marine  
  149  8:59  SCV x2  
  154  9:09  Supply Depot x2, Marine  
  152  9:10  Supply Depot, Marine  
  152  9:13  Barracks, Marine x2  
  152  9:14  Barracks  
  156  9:18  Marauder  
  141  9:28  Liberator x2  
  141  9:31  Marine x2  
  125  9:37  Widow Mine, Marine x2  
  125  9:38  Widow Mine  
  104  9:39  Marauder, Marine  
  104  9:40  SCV  
  105  10:00  Barracks Tech Lab, Bunker  
  105  10:01  Marauder, Marine x2  
  105  10:02  Bunker  
  105  10:03  Bunker x3  
  109  10:08  Marauder, Marine  
  109  10:09  Supply Depot  
  109  10:11  Liberator  
  112  10:17  Barracks Reactor  
  111  10:28  Medivac  
  103  10:43  SCV x2  
  103  10:46  Marauder, Marine x4  
  103  10:47  Marauder  
  111  10:52  Marauder, Marine  
  111  10:54  Liberator  
  114  10:57  Marine  
  114  10:58  Medivac  
  114  11:00  Marine  
  114  11:02  SCV x2  
  114  11:04  Marine  
  120  11:08  Marauder x2, Marine x3  
  120  11:10  Marauder, Terran Infantry Weapons Level 2, Terran Infantry Armor Level 2  
  120  11:11  Liberator  
  133  11:14  Marauder  
  133  11:15  Marine  
  136  11:20  Marine  
  136  11:22  Marine  
  138  11:28  Marine  
  138  11:29  Marauder, Widow Mine x2  
  138  11:30  Marauder  
  138  11:31  SCV, Marauder, Marine  
  154  11:35  Supply Depot, Marauder  
  154  11:36  Liberator  
  153  11:47  Marine  
  153  11:48  Marine  
  153  11:51  Supply Depot, Marauder x2  
  162  11:58  Widow Mine x2  
  162  12:00  Marine  
  162  12:01  Marauder, Marine  
  170  12:07  Marauder, Marine x2  
  174  12:08  Marine  
  174  12:12  Marauder x2  
  174  12:13  Marine  
  180  12:18  Marine x2  
  180  12:22  Marauder  
  179  12:23  Medivac  
  179  12:26  Widow Mine x2  
  179  12:28  Marauder  
  185  12:50  Marine  
  185  12:51  Marauder x4, Marine x2  
  180  12:55  Widow Mine x2  
  178  13:02  Command Center  
  178  13:04  Marine x2  
  177  13:06  Medivac  
  177  13:10  Refinery  
  181  13:12  Marauder  
  181  13:13  Marauder  
  181  13:14  SCV  
  181  13:15  Refinery  
  181  13:18  Marauder, Marine  
  185  13:24  Marauder, Marine x2  
  189  13:27  Marine  
  189  13:32  Marine x2  
  196  13:37  SCV  
  196  13:38  Supply Depot  
Show
View Real Time Build Order
Export as new Build Order

Blinky Protoss 

Build Orders: 1 Gate Expand, Blink Stalkers 

Get SALT Encoding   

  12  0:00  Probe (Chrono Boost)  
  13  0:11  Probe (Chrono Boost)  
  14  0:18  Pylon  
  14  0:22  Probe (Chrono Boost)  
  15  0:36  Probe (Chrono Boost)  
  15  0:37  Gateway  
  16  0:46  Probe (Chrono Boost), Assimilator  
  18  0:57  Probe (Chrono Boost)  
  18  1:07  Probe (Chrono Boost)  
  19  1:23  Nexus  
  19  1:27  Probe (Chrono Boost)  
  20  1:38  Cybernetics Core  
  20  1:40  Probe (Chrono Boost)  
  21  1:49  Assimilator  
  21  1:51  Probe (Chrono Boost)  
  22  1:55  Pylon  
  22  2:02  Probe (Chrono Boost)  
  25  2:16  Mothership Core (Chrono Boost)  
  25  2:18  Stalker, Warp Gate  
  27  2:34  Probe (Chrono Boost)  
  28  2:37  Twilight Council  
  28  2:39  Probe (Chrono Boost)  
  29  2:44  Probe (Chrono Boost)  
  29  2:49  Probe (Chrono Boost)  
  29  2:51  Stalker  
  33  2:55  Probe (Chrono Boost)  
  34  3:00  Probe (Chrono Boost)  
  36  3:05  Probe (Chrono Boost)  
  36  3:08  Blink  
  36  3:10  Probe (Chrono Boost)  
  37  3:16  Probe (Chrono Boost)  
  38  3:21  Probe (Chrono Boost)  
  38  3:26  Probe (Chrono Boost)  
  40  3:31  Probe (Chrono Boost)  
  40  3:32  Stalker  
  43  3:37  Probe (Chrono Boost)  
  44  3:41  Robotics Facility  
  44  3:42  Probe (Chrono Boost)  
  44  3:48  Probe (Chrono Boost), Pylon  
  46  3:49  Assimilator  
  46  3:50  Assimilator  
  46  4:00  Pylon  
  46  4:06  Probe x2 (Chrono Boost)  
  48  4:15  Gateway  
  48  4:16  Gateway  
  49  4:17  Probe (Chrono Boost)  
  49  4:18  Probe (Chrono Boost)  
  50  4:27  Probe (Chrono Boost)  
  50  4:30  Stalker, Pylon  
  53  4:32  Probe (Chrono Boost)  
  53  4:35  Observer (Chrono Boost)  
  55  4:45  Gateway  
  55  4:46  Gateway  
  55  4:51  Pylon  
  55  4:53  Stalker  
  55  4:56  Charge  
  55  4:57  Observer (Chrono Boost)  
  58  5:09  Stalker x2  
  62  5:17  Stalker  
  62  5:21  Probe  
  65  5:39  Stalker x2  
  65  5:41  Stalker  
  70  5:46  Pylon  
  70  5:54  Stalker x2  
  74  6:00  Nexus  
  74  6:01  Immortal (Chrono Boost)  
  74  6:03  Pylon  
  78  6:07  Adept  
  78  6:08  Adept  
  78  6:09  Adept  
  82  6:13  Templar Archives  
  82  6:21  Probe  
  82  6:23  Zealot  
  82  6:25  Zealot  
  87  6:33  Sentry x3  
  89  7:00  Pylon  
  88  7:01  Pylon x2  
  88  7:05  Gateway  
  88  7:08  Gateway  
  88  7:10  Gateway  
  88  7:12  Pylon  
  88  7:21  Warp Prism (Chrono Boost)  
  90  7:25  Zealot x5  
  98  7:37  Pylon  
  98  7:40  Nexus  
  98  7:56  High Templar x5  
  108  8:02  Archon x2  
  108  8:10  High Templar x2  
  108  8:11  Zealot  
  112  8:18  Probe  
  113  8:27  Psionic Storm  
  113  8:30  Probe  
  113  8:31  Probe  
  115  8:35  Forge  
  115  8:36  Forge  
  115  8:43  Probe  
  115  8:47  Probe  
  114  8:48  Zealot  
  114  8:49  Zealot  
  112  9:05  Zealot x6  
  112  9:09  Protoss Ground Weapons Level 1 (Chrono Boost), Protoss Ground Armor Level 1 (Chrono Boost)  
  124  9:11  Immortal  
  124  9:15  Probe  
  117  9:26  Zealot x5  
  96  9:42  Zealot x3  
  102  9:47  Nexus  
  102  9:48  High Templar x3  
  102  9:52  Archon  
  108  10:04  Archon  
  108  10:07  High Templar  
  108  10:08  Zealot x2, High Templar  
  108  10:09  Zealot  
  108  10:12  Archon  
  84  10:43  Probe x2  
  84  10:44  High Templar x2  
  84  10:45  High Templar  
  84  10:46  Zealot x5  
  100  10:55  Probe x2  
  102  11:04  Probe  
  102  11:07  Probe x2  
  105  11:13  Protoss Ground Weapons Level 2 (Chrono Boost)  
  105  11:27  Protoss Ground Armor Level 2 (Chrono Boost)  
  105  11:31  Probe  
  107  11:40  Probe  
  107  11:41  High Templar x2  
  107  11:43  Zealot x3  
  107  11:44  Probe x2  
  119  11:48  Assimilator  
  119  11:52  Probe  
  120  11:57  Probe  
  121  12:10  Probe  
  121  12:11  Probe  
  121  12:13  Assimilator  
  118  12:17  Zealot x4  
  118  12:18  Zealot x2  
  118  12:19  Zealot x2  
  118  12:21  High Templar  
  123  12:22  High Templar  
  116  12:31  Archon  
  111  12:53  Probe  
  111  12:54  Nexus  
  111  12:55  Probe  
  102  13:25  Probe  
  101  13:30  Pylon  
Tags
 
Add a new tag
Caveats
  • Supply blocks, unpowered buildings, or Contaminate may cause inaccurate times.
  • Supply counts are checked every 10 seconds.